 Dungeon Crawl Stone Soup version 0.29-a0-284-gf9362112df (webtiles) character file.

Game seed: 4984933451429873432

128809 zishaf the Slayer (level 17, -3/283 HPs)
             Began as an Ogre Wanderer on Mar 31, 2022.
             Was the Champion of Hepliaklqana.
             Slain by a swamp worm (4 damage)
             ... on level 3 of the Swamp.
             The game lasted 01:31:29 (37434 turns).

zishaf the Slayer (Ogre Wanderer)                  Turns: 37434, Time: 01:31:30

Health: -3/283     AC: 13    Str: 27    XL:     17   Next: 4%
Magic:  41/41      EV: 10    Int: 17    God:    Hepliaklqana [******]
Gold:   2025       SH:  0    Dex: 14    Spells: 14/38 levels left

rFire   + + .      SeeInvis .   r - +10 dire flail of Sloth {flame, MP+9 Dex+7}
rCold   + . .      Faith    .   (shield currently unavailable)
rNeg    . . .      Spirit   .   X - +2 robe {rC+ rF+}
rPois   +          Reflect  .   o - +2 hat
rElec   .          Harm     .   W - +1 cloak
rCorr   .          Rampage  .   (gloves unavailable)
Will    +....                   (boots unavailable)
Stlth   ..........              n - amulet of the acrobat
HPRegen 0.57/turn               t - +6 ring of strength
MPRegen 0.27/turn               w - +4 ring of protection

@: berserking, very quick
A: reduced essence, large, unfitting armour, tough skin 1, talons 1, clumsy 1,
fire resistance 1, poison resistance
a: Renounce Religion, Recall Ancestor, Ancestor Identity, Transference, Idealise


You were on level 3 of the Swamp.
You worshipped Hepliaklqana.
Hepliaklqana was exalted by your worship.
You visited 4 branches of the dungeon, and saw 26 of its levels.
You also visited: Ossuary.

You collected 2425 gold pieces.
You spent 400 gold pieces at shops.

Inventory:

Hand Weapons
 r - the +10 dire flail of Sloth (weapon) {flame, MP+9 Dex+7}
   (You took it off a two-headed ogre on level 11 of the Dungeon)

   It burns those it strikes, dealing additional fire damage.
   Dex:       It affects your dexterity (+7).
   MP:        It affects your magic capacity (+9).
 B - a +5 spectral giant spiked club
Missiles
 c - a throwing net (quivered)
 g - 9 curare-tipped darts
 y - 13 large rocks
Armour
 o - a +2 hat (worn)
 W - a +1 cloak (worn)
 X - a +2 robe of resistance (worn)
Magical Staves
 b - a staff of earth
Jewellery
 i - a ring of resist corrosion
 n - an amulet of the acrobat (around neck)
 t - a +6 ring of strength (left hand)
 w - a +4 ring of protection (right hand)
 J - a ring of protection from cold
 M - a +4 ring of evasion
 N - a ring of fire
 T - a ring of wizardry
Wands
 s - a wand of acid (16)
 C - a wand of iceblast (9)
 I - a wand of digging (7)
Scrolls
 d - 3 scrolls of blinking
 e - 3 scrolls of fear
 h - a scroll of silence
 j - 10 scrolls of identify
 k - 12 scrolls of fog
 l - 2 scrolls of summoning
 u - 5 scrolls of enchant armour
 x - a scroll of magic mapping
 F - 10 scrolls of teleportation
 K - a scroll of holy word
 O - a scroll of brand weapon
 R - a scroll of immolation
 V - 5 scrolls of enchant weapon
Potions
 m - 4 potions of attraction
 p - 6 potions of heal wounds
 q - 3 potions of resistance
 v - 10 potions of curing
 z - 3 potions of mutation
 A - 4 potions of might
 D - a potion of invisibility
 G - 2 potions of flight
 H - 3 potions of brilliance
 L - 2 potions of ambrosia
 P - 2 potions of lignification
 Q - 2 potions of magic
 S - a potion of haste
Miscellaneous
 a - a phial of floods (inert)
 f - a piece from Xom's chessboard (15/15)
 E - a condenser vane


   Skills:
 + Level 23.0 Fighting
 - Level 15.0 Maces & Flails
 - Level 3.0 Throwing
 - Level 3.0 Dodging
 + Level 11.4 Spellcasting
 + Level 11.9 Translocations
 + Level 5.2 Transmutations
 + Level 1.9 Earth Magic
 - Level 5.0 Invocations


You had 14 spell levels left.
You knew the following spells:

 Your Spells              Type           Power      Damage    Failure   Level
a - Teleport Other        Tloc           50%        N/A       1%          3
b - Apportation           Tloc           100%       N/A       1%          1
c - Lesser Beckoning      Tloc           50%        N/A       1%          3
d - Dispersal             Tloc           25%        N/A       9%          6
e - Yara's Violent Unrav  Hex/Tmut       9%         3d6       56%         5
f - Statue Form           Tmut/Erth      14%        N/A       94%         6

Your spell library contained the following spells:

 Spells                   Type           Power      Damage    Failure   Level
 Beastly Appendage        Tmut           54%        N/A       1%          1
 Gell's Gravitas          Tloc           50%        N/A       1%          3
 Animate Skeleton         Necr           18%        N/A       8%          1
 Pain                     Necr           36%        1d5       8%          1
 Spider Form              Tmut/Pois      18%        N/A       8%          3
 Ensorcelled Hibernation  Hex/Ice        18%        N/A       11%         2
 Ignite Poison            Fire/Tmut/Pois 15%        N/A       11%         3
 Confusing Touch          Hex            9%         N/A       22%         3
 Frozen Ramparts          Ice            18%        1d3       22%         3
 Vampiric Draining        Necr           9%         2d6       22%         3
 Ice Form                 Ice/Tmut       18%        N/A       24%         4
 Leda's Liquefaction      Hex/Erth       6%         N/A       43%         4
 Alistair's Intoxication  Tmut/Pois      12%        N/A       56%         5
 Anguish                  Hex/Necr       4%         N/A       58%         4
 Summon Ice Beast         Ice/Summ       9%         N/A       58%         4
 Lee's Rapid Deconstruct  Erth           8%         3d8*      65%         5
 Agony                    Necr           9%         N/A       90%         5
 Excruciating Wounds      Necr           4%         N/A       90%         5
 Enfeeble                 Hex            4%         N/A       100%        7


Dungeon Overview and Level Annotations

Branches:
Dungeon (15/15)            Temple (0/1) D:5            Lair (6/6) D:9
  Swamp (3/4) Lair:4       Spider (0/4) Lair:4        Slime (0/5) Lair:5
    Orc (2/2) D:10            Elf (0/3) Orc:2        Vaults (0/5) D:13
 Depths (0/4) D:15        Ossuary (visited)

Altars:
Ashenzari
Cheibriados
Elyvilon
Fedhas
Gozag
Hepliaklqana
Kikubaaqudgha
Makhleb
Nemelex Xobeh
Qazlal
Ru
Wu Jian
Xom
Zin
The Shining One
Jiyva

Shops:
D:3 *   Orc:2 *[?!


Innate Abilities, Weirdness & Mutations

Your life essence is reduced to manifest your ancestor. (-10% HP)
You are too large for most types of armour.
You have tough skin. (AC +1)
You have sharp toenails.
You are clumsy. (Dex -2)
Your flesh is heat resistant. (rF+)
Your system is resistant to poisons. (rPois)


Message History

The swamp worm bites you!
* * * LOW HITPOINT WARNING * * *
The eleionoma hits you.
* * * LOW HITPOINT WARNING * * *
The fenstrider witch hits you but does no damage.
The fenstrider witch kicks you!
* * * LOW HITPOINT WARNING * * *
You perforate the fenstrider witch like a sieve!!!
You burn the fenstrider witch!
You kill the fenstrider witch!
You hear a splash.
The swamp dragon bites you but does no damage.
The swamp dragon claws you but does no damage.
The swamp dragon closely misses you.
You closely miss the eleionoma. Your kick misses the eleionoma.
The swamp worm bites you but does no damage.
You barely miss the eleionoma. You claw the eleionoma!
The eleionoma is lightly wounded.
The eleionoma hurls a spray of splinters at you.
The spray of wooden splinters hits you!!
* * * LOW HITPOINT WARNING * * *
You impale the eleionoma!! You burn the eleionoma!
The eleionoma is severely wounded.
The swamp dragon bites you.
* * * LOW HITPOINT WARNING * * *
The swamp dragon claws you but does no damage.
The swamp dragon tramples you.
* * * LOW HITPOINT WARNING * * *
You hold your ground!
The swamp worm closely misses you.
You are too berserk!
You hit the eleionoma. You burn the eleionoma. Your kick misses the eleionoma.
The eleionoma is severely wounded.
The eleionoma hurls a spray of splinters at you.
The spray of wooden splinters hits you!!
* * * LOW HITPOINT WARNING * * *
You flatten the eleionoma like a pancake!!!
You burn the eleionoma.
You kill the eleionoma!
The swamp worm bites you.
You die...

≈≈≈≈≈≈§ ♣.≈≈≈♣♣♣♣.......
..≈≈≈. ♣.≈≈..♣.♣♣...≈♣♣
....≈♣ ♣♣≈......≈..♣♣♣.
≈.≈.♣♣♣♣.≈........[♣♣♣.
♣..§♣♣........#......≈
♣♣♣♣..≈♣♣♣..##.........≈.
♣♣≈♣.≈≈≈♣.....#...###..≈..
♣≈.≈.≈..w.........#.......
♣♣)≈..≈.[@...##...###....≈
♣.≈.≈≈♣.D..†..............
♣♣......≈..#....#.......♣.
♣♣≈.≈.≈...§.#.#..#....#.≈..
♣....≈≈..≈..#.#..........≈.
♣♣≈♣♣.≈...≈≈.....###...♣.♣.
♣♣......♣.......####.♣R≈..
♣≈.....♣≈...........♣♣♣.≈≈
♣♣≈♣♣≈♣♣♣.♣≈♣♣♣♣♣♣♣♣♣ ♣♣.≈


You could see a swamp dragon and a swamp worm.

Vanquished Creatures
  Saint Roka (Orc:2)
  A thorn hunter (Swamp:2)
  Donald (Swamp:2)
  A fenstrider witch (Swamp:3)
  Louise (D:14)
  A dire elephant (Lair:6)
  3 eleionomae
  A fire dragon (Lair:2)
  The ghost of yunder69 the Fighter, a journeyman MiBe of Trog (D:11)
  An ettin (D:15)
  A rakshasa (D:14)
  2 catoblepae
  4 vault guards (D:13)
  An ogre mage (Orc:1)
  3 centaur warriors (D:14)
  15 hydras
  5 ghost crabs (Swamp:1)
  3 boulder beetles
  9 two-headed ogres
  A deep troll shaman (Lair:6)
  4 alligators
  4 death yaks (Lair:6)
  A tengu warrior (D:15)
  4 orc high priests
  Nergalle (D:11)
  Sonja (D:13)
  A hell knight (D:15)
  Amaemon (Lair:2)
  A fire crab (Lair:4)
  3 goliath frogs
  A bog body (Swamp:1)
  A swamp dragon (Swamp:2)
  8 spriggan druids
  A deep elf archer (D:13)
  A wizard (D:15)
  A necromancer (D:15)
  4 orc knights (Orc:2)
  A will-o-the-wisp (Swamp:2)
  4 orc sorcerers
  2 cyclopes
  10 ugly things
  A manticore (D:13)
  6 black mambas
  13 elephants
  A torpor snail (Lair:5)
  4 apocalypse crabs (Swamp:1)
  8 cane toads
  Maggie (Lair:2)
  A rime drake (Lair:4)
  11 komodo dragons
  5 trolls
  A polar bear (Lair:5)
  8 tyrant leeches
  2 hornets
  8 slime creatures
  5 dream sheep (Lair:6)
  4 wraiths
  A vampire (D:13)
  31 yaks
  A spriggan (Swamp:1)
  A wyvern (shapeshifter) (D:13)
  6 shadows
  2 wyverns
  3 basilisks
  2 hogs (D:14)
  15 vampire mosquitoes
  A warg (Orc:1)
  2 steam dragons
  7 swamp worms
  11 water moccasins
  A swamp drake (Swamp:3)
  23 orc warriors
  2 black bears (Lair:6)
  10 wolves
  8 ogres
  7 centaurs
  A scorpion (D:4)
  9 bullfrogs
  A gnoll sergeant (D:9)
  7 wights
  4 killer bees
  2 howler monkeys
  An electric eel (Lair:3)
  2 hounds (D:6)
  5 jellies
  17 orc priests
  2 iguanas (D:4)
  10 orc wizards
  9 gnolls
  5 adders
  An ufetubus (D:4)
  A dart slug (D:5)
  38 orcs
  3 ball pythons
  6 bats
  7 endoplasms
  4 giant cockroaches
  2 goblins (D:2)
  4 hobgoblins
  8 jackals
  4 quokkas
  3 frilled lizards
  A hobgoblin skeleton (Ossuary)
  2 hobgoblin zombies (Ossuary)
  7 kobolds
  An orc skeleton (Ossuary)
  2 orc zombies (Ossuary)
  4 rats
  A briar patch (Swamp:2)
498 creatures vanquished.

Vanquished Creatures (collateral kills)
  A thorn hunter (Swamp:2)
  Kirke (D:14)
  Agnes (D:14)
  A shambling mangrove (Swamp:1)
  Josephine (Orc:2)
  Erolcha (Orc:1)
  A boulder beetle (D:15)
  2 hydras
  2 two-headed ogres
  2 alligators
  A death yak (Lair:6)
  Urug (Lair:1)
  An orc high priest (Orc:2)
  2 spriggans
  2 goliath frogs (Swamp:3)
  A bog body (Swamp:1)
  A deep troll (D:15)
  A spriggan druid (Swamp:2)
  A swamp dragon (Swamp:3)
  An orc sorcerer (Orc:2)
  An ugly thing (D:14)
  A cyclops (D:15)
  4 elephants
  A black mamba (Lair:4)
  An apocalypse crab (Swamp:1)
  An orange demon (Lair:2)
  A kobold demonologist (D:7)
  2 trolls
  A polar bear (Lair:4)
  5 hornets
  4 slime creatures
  A dream sheep (Lair:6)
  10 yaks
  2 wraiths (Ossuary)
  A hog (D:14)
  A wyvern (D:9)
  A fire elemental (Orc:1)
  A steam dragon (D:7)
  4 vampire mosquitoes
  A swamp worm (Swamp:3)
  A warg (Orc:1)
  Edmund (D:6)
  3 water moccasins
  A swamp drake (D:10)
  6 orc warriors
  A centaur (D:8)
  A black bear (D:6)
  3 wolves
  3 phantoms
  2 necrophages
  4 bullfrogs
  6 gnoll sergeants
  A scorpion (D:4)
  13 wights
  8 killer bees
  2 howler monkeys (D:7)
  5 orc priests
  A gnoll shaman (D:6)
  3 hounds
  2 jellies
  18 orc wizards
  4 iguanas
  18 gnolls
  7 adders
  6 shadow imps (D:7)
  3 white imps
  An ufetubus (D:5)
  3 worms
  A dart slug (D:4)
  39 orcs
  A bat (D:3)
  3 endoplasms
  A goblin (D:4)
  4 jackals
  A quokka (D:5)
  An orc skeleton (Ossuary)
  An orc zombie (Ossuary)
  A rat (D:2)
  2 briar patches (Swamp:2)
251 creatures vanquished.

Vanquished Creatures (others)
  22 battlemagi
  An ancestor (D:3)
  A kobold (D:4)
  A briar patch (Swamp:2)
  6 foxfires (Swamp:2)
  18 fungi
  28 plants
77 creatures vanquished.

Grand Total: 826 creatures vanquished

Notes
Turn   | Place    | Note
-------+----------+-------------------------------------------
     0 | D:1      | zishaf the Ogre Wanderer began the quest for the Orb.
     0 | D:1      | zishaf set off with the following items: a +2 dagger, 4
                  | curare-tipped darts, a +0 cloak, a scroll of blinking, a +0
                  | robe; and the following spell memorised: Beastly Appendage;
                  | and the following spells available to memorise: Ignite
                  | Poison
     0 | D:1      | Reached XP level 1. HP: 16/16 MP: 2/2
   268 | D:1      | Reached skill level 1 in Fighting
   270 | D:1      | Reached XP level 2. HP: 16/27 MP: 1/4
  1372 | D:2      | Reached skill level 2 in Fighting
  1372 | D:2      | Reached XP level 3. HP: 29/35 MP: 6/6
  1461 | D:2      | Found a faded altar of an unknown god.
  1492 | D:2      | Prayed at the altar of an unknown god.
  1492 | D:2      | Became a worshipper of Hepliaklqana the Forgotten
  1492 | D:2      | Reached * piety under Hepliaklqana
  2208 | D:2      | Learned a level 3 spell: Teleport Other
  2257 | D:2      | Reached XP level 4. HP: 37/37 MP: 8/8
  2434 | D:3      | Found a snail-covered altar of Cheibriados.
  2441 | D:3      | Found Vothea's General Store.
  2455 | D:3      | Reached skill level 3 in Fighting
  2469 | D:3      | Reached XP level 5. HP: 20/47 MP: 9/9
  2751 | D:3      | Reached ** piety under Hepliaklqana
  3620 | D:4      | Remembered your ancestor Tlalli as a battlemage
  3634 | D:4      | Reached skill level 4 in Fighting
  3634 | D:4      | Reached skill level 1 in Translocations
  3634 | D:4      | Reached XP level 6. HP: 53/55 MP: 11/11
  4090 | D:4      | Reached skill level 5 in Fighting
  4259 | D:4      | Found a stormy altar of Qazlal.
  4373 | D:4      | Reached XP level 7. HP: 61/64 MP: 13/13
  4706 | D:5      | Entered Level 5 of the Dungeon
  4715 | D:5      | Reached skill level 6 in Fighting
  4963 | D:5      | Reached skill level 5 in Spellcasting
  5079 | D:5      | Reached skill level 7 in Fighting
  5226 | D:5      | Reached XP level 8. HP: 57/78 MP: 15/15
  5451 | D:5      | Found a staircase to the Ecumenical Temple.
  5497 | D:5      | Reached *** piety under Hepliaklqana
  5907 | D:6      | Reached skill level 8 in Fighting
  5998 | D:6      | Noticed Edmund
  6008 | D:6      | Killed Edmund
  6009 | D:6      | Reached skill level 1 in Maces & Flails
  6478 | D:6      | Reached skill level 9 in Fighting
  6999 | D:6      | Found a glowing silver altar of Zin.
  6999 | D:6      | Found a sacrificial altar of Ru.
  6999 | D:6      | Found a blossoming altar of Fedhas.
  7042 | D:6      | Reached XP level 9. HP: 74/90 MP: 16/16
  7224 | D:6      | Reached skill level 10 in Fighting
  7344 | D:7      | Found a transporter.
  7399 | D:7      | Found a transporter.
  7959 | D:7      | Reached skill level 11 in Fighting
  7959 | D:7      | Reached skill level 5 in Translocations
  7969 | D:7      | Noticed a hornet
  7976 | D:7      | Killed a hornet
  8160 | D:7      | Found a white marble altar of Elyvilon.
  8177 | D:7      | Reached **** piety under Hepliaklqana
  8245 | D:7      | Noticed a kobold demonologist
  8268 | D:7      | Learned a level 3 spell: Lesser Beckoning
  8976 | D:8      | Reached skill level 12 in Fighting
  8987 | D:8      | Reached XP level 10. HP: 30/103 MP: 18/18
  9030 | D:8      | Noticed a two-headed ogre
  9042 | D:8      | Killed a two-headed ogre
  9102 | D:8      | Found a sand-covered staircase.
  9315 | Ossuary  | Entered an ossuary
  9391 | Ossuary  | Reached skill level 13 in Fighting
  9426 | Ossuary  | Reached skill level 5 in Maces & Flails
  9714 | D:8      | Found an opulent altar of Gozag.
  9717 | D:8      | Found a shimmering altar of Xom.
  9717 | D:8      | Found a broken altar of Ashenzari.
  9771 | D:8      | Found an ancient bone altar of Kikubaaqudgha.
 10253 | D:3      | Bought a +3 spectral giant club for 233 gold pieces
 10377 | D:9      | Reached skill level 14 in Fighting
 10436 | D:9      | Gained mutation: You have hidden genetic defects. [potion
                  | of mutation]
 10436 | D:9      | Gained mutation: Your spells are a little harder to cast,
                  | but a little more powerful. [potion of mutation]
 10571 | D:9      | Found an ornate altar of the Wu Jian Council.
 10833 | D:9      | Found a staircase to the Lair.
 10935 | D:9      | Reached XP level 11. HP: 117/117 MP: 20/20
 11028 | D:9      | Reached skill level 15 in Fighting
 11091 | D:10     | Entered Level 10 of the Dungeon
 11096 | D:10     | Reached ***** piety under Hepliaklqana
 11112 | D:10     | Gained mutation: You are occasionally teleported next to
                  | monsters. [hidden defects]
 11299 | D:10     | Found a staircase to the Orcish Mines.
 11896 | D:10     | Found a glowing golden altar of the Shining One.
 11896 | D:10     | Found a burning altar of Makhleb.
 11937 | D:10     | Lost mutation: You are occasionally teleported next to
                  | monsters. [potion of mutation]
 11937 | D:10     | Lost mutation: Your spells are a little harder to cast, but
                  | a little more powerful. [potion of mutation]
 11937 | D:10     | Gained mutation: Your flesh is heat resistant. (rF+)
                  | [potion of mutation]
 11937 | D:10     | Gained mutation: Your system is resistant to poisons.
                  | (rPois) [potion of mutation]
 11937 | D:10     | Gained mutation: You have sharp toenails. [potion of
                  | mutation]
 12276 | D:10     | Gained mutation: You are clumsy. (Dex -2) [hidden defects]
 12276 | D:10     | Lost mutation: You have hidden genetic defects. [hidden
                  | defects expressed]
 12472 | D:11     | Reached skill level 16 in Fighting
 12705 | D:11     | Noticed a green ugly thing
 12714 | D:11     | Killed a green ugly thing
 12737 | D:11     | Noticed a two-headed ogre
 12802 | D:11     | Killed a two-headed ogre
 12803 | D:11     | Reached skill level 17 in Fighting
 13064 | D:11     | Identified the +10 dire flail of Sloth {flame, MP+9 Dex+7}
 13064 | D:11     | Noticed a two-headed ogre
 13072 | D:11     | Found a transporter.
 13072 | D:11     | Noticed yunder69's ghost (journeyman MiBe)
 13073 | D:11     | Noticed a two-headed ogre
 13073 | D:11     | Noticed a two-headed ogre
 13156 | D:11     | Noticed Nergalle
 13162 | D:11     | Killed Nergalle
 13977 | D:12     | Reached XP level 12. HP: 106/135 MP: 21/21
 14212 | D:12     | Noticed a boulder beetle
 14219 | D:12     | Killed a boulder beetle
 14220 | D:12     | Reached skill level 18 in Fighting
 14237 | D:12     | Noticed a two-headed ogre
 14241 | D:12     | Killed a two-headed ogre
 14737 | D:12     | Noticed a seven-headed hydra
 14743 | D:12     | Killed a seven-headed hydra
 14838 | D:13     | Found a sparkling altar of Nemelex Xobeh.
 14962 | D:13     | Found a gate to the Vaults.
 14962 | D:13     | Noticed a vault guard
 14962 | D:13     | Noticed a vault guard
 14962 | D:13     | Noticed a vault guard
 14962 | D:13     | Noticed a vault guard
 15148 | Lair:1   | Entered Level 1 of the Lair of Beasts
 15458 | Lair:1   | Reached skill level 19 in Fighting
 15471 | Lair:1   | Learned a level 6 spell: Dispersal
 15478 | Lair:1   | Identified the +0 robe of Wagaf {Will+ Dex+5}
 15592 | Lair:1   | Noticed a four-headed hydra
 15597 | Lair:1   | Killed a four-headed hydra
 15682 | Lair:1   | Noticed Urug
 15711 | Lair:1   | Killed Urug
 15761 | Lair:1   | Noticed a six-headed hydra
 15764 | Lair:1   | Killed a six-headed hydra
 15960 | Lair:1   | Learned a level 1 spell: Apportation
 16173 | Lair:1   | Reached skill level 10 in Maces & Flails
 16575 | Lair:2   | Reached XP level 13. HP: 132/146 MP: 23/23
 16745 | Lair:2   | Noticed Amaemon
 16867 | Lair:2   | Reached ****** piety under Hepliaklqana
 16901 | Lair:2   | Killed Amaemon
 17073 | Lair:2   | Noticed Maggie
 17078 | Lair:2   | Killed Maggie
 17513 | Lair:2   | Noticed a fire dragon
 17520 | Lair:2   | Killed a fire dragon
 19468 | Lair:4   | Reached skill level 20 in Fighting
 19737 | Lair:4   | Learned a level 5 spell: Yara's Violent Unravelling
 19770 | Lair:4   | Found a hole to the Spider Nest.
 19830 | Lair:4   | Found a staircase to the Swamp.
 20485 | Lair:5   | Found a runed translucent door.
 20488 | Lair:5   | Found a viscous altar of Jiyva.
 20488 | Lair:5   | Found a staircase to the Slime Pits.
 20970 | Lair:5   | You fall into a shaft and drop 1 floor!
 20970 | Lair:6   | Entered Level 6 of the Lair of Beasts
 20996 | Lair:6   | Reached XP level 14. HP: 157/157 MP: 24/26
 21620 | Lair:6   | Noticed a dire elephant
 21626 | Lair:6   | Killed a dire elephant
 23177 | D:13     | Reached skill level 21 in Fighting
 24172 | D:13     | Noticed Sonja
 24179 | D:13     | Killed Sonja
 24570 | D:14     | Noticed Kirke
 24583 | D:14     | Killed Kirke
 24584 | D:14     | Reached XP level 15. HP: 162/168 MP: 27/27
 25063 | D:14     | Noticed Agnes
 25071 | D:14     | Killed Agnes
 25072 | D:14     | Noticed Louise
 25534 | D:14     | Reached skill level 10 in Translocations
 26474 | D:14     | Killed Louise
 27212 | D:15     | Entered Level 15 of the Dungeon
 27693 | D:15     | Found a staircase to the Depths.
 27976 | D:15     | Identified the +9 flail of the Growing Genius {speed, Dex+2
                  | SInv}
 28639 | Orc:1    | Entered Level 1 of the Orcish Mines
 29056 | Orc:1    | Reached skill level 1 in Invocations
 29257 | Orc:1    | Noticed Erolcha
 29266 | Orc:1    | Killed Erolcha
 29400 | Orc:1    | Found a burning altar of Makhleb.
 29495 | Orc:1    | You fall into a shaft and drop 1 floor!
 29495 | Orc:2    | Entered Level 2 of the Orcish Mines
 29499 | Orc:2    | Found a staircase to the Elven Halls.
 29541 | Orc:2    | Reached skill level 22 in Fighting
 29644 | Orc:2    | Noticed Josephine
 29654 | Orc:2    | Killed Josephine
 30079 | Orc:2    | Noticed Saint Roka
 30095 | Orc:2    | Killed Saint Roka
 30450 | Orc:2    | Found Agrisene's General Store.
 31124 | Orc:2    | Reached XP level 16. HP: 180/180 MP: 29/29
 31128 | Orc:2    | Found Ozuibra's Armour Emporium.
 31137 | Orc:2    | Found Xitateck's Magic Scroll Boutique.
 31144 | Orc:2    | Reached skill level 10 in Spellcasting
 31478 | Orc:2    | Found Kataqy's Distillery.
 31590 | Orc:2    | Bought a scroll of blinking for 97 gold pieces
 31598 | Orc:2    | Bought a potion of heal wounds for 70 gold pieces
 32250 | Swamp:1  | Entered Level 1 of the Swamp
 32253 | Swamp:1  | Found a runed translucent door.
 32455 | D:11     | Found a transporter.
 32461 | D:11     | Killed yunder69's ghost
 34302 | Swamp:1  | Learned a level 6 spell: Statue Form
 34320 | Swamp:1  | Reached skill level 15 in Maces & Flails
 34320 | Swamp:1  | Reached skill level 5 in Invocations
 34755 | Swamp:1  | Paralysed by you for 2 turns
 34928 | Swamp:2  | Noticed a thorn hunter
 34972 | Swamp:2  | Killed a thorn hunter
 35177 | Swamp:2  | Noticed a thorn hunter
 35201 | Swamp:2  | Killed a thorn hunter
 35593 | Swamp:2  | Identified the +1 robe of Fun and Games {rN+ Str+7}
 35637 | Swamp:2  | Noticed Donald
 35654 | Swamp:2  | Killed Donald
 36413 | Swamp:3  | Reached skill level 1 in Earth Magic
 36606 | Swamp:3  | Reached skill level 5 in Transmutations
 36836 | Swamp:3  | Reached XP level 17. HP: 29/189 MP: 32/32
 37234 | Swamp:3  | Reached skill level 23 in Fighting
 37423 | Swamp:3  | Paralysed by a fenstrider witch for 5 turns
 37433 | Swamp:3  | HP: 1/283 [eleionoma/spray of wooden splinters (25)]
 37434 | Swamp:3  | Slain by a swamp worm

Illustrated notes

Levels and vault maps discovered:
D:1:      dpeg_arrival_shelter, layout_basic
D:2:      layout_basic, basic_ecumenical_altar
D:3:      kennysheep_big_flooded_room, layout_basic, cheibriados_altar_1,
          serial_shops, nicolae_shop_crystal
D:4:      minmay_razor_zed, layout_gridville, grunt_qazlal_clouds
D:5:      nicolae_cairo_tiling, layout_cave_pods,
          minmay_temple_entry_enclosed_plants
D:6:      layout_cave_pools, gammafunk_temple_overflow_forgotten,
          serial_gnoll_camp, gnoll_camp_mini_hut, gnoll_camp_mini_house,
          gnoll_camp_mini_basic, gnoll_camp_mini_house,
          gnoll_camp_mini_loothouse, uniq_edmund
D:7:      gammafunk_wand_slinger, layout_loops_corners,
          mainiacjoe_overflow_paths
D:8:      layout_gridville, grunt_temple_overflow_open, enter_ossuary_2
D:9:      layout_loops_ring, mainiacjoe_overflow_tiny_flanked, lair_entry_dummy
D:10:     layout_loops_corners, jmf_multi_god_temple, erik_orc_1
D:11:     layout_rooms, gammafunk_ghost_smash, uniq_nergalle
D:12:     layout_irregular_city
D:13:     layout_irregular_city, lightli_vaults_fourway_checkpoint,
          nemelex_spade_bored_becter, uniq_sonja
D:14:     layout_stronghold, minmay_misc_feat_plants, serial_co_window_serial,
          co_window_paths_a, co_window_paths_a, co_window_of_opportunity_a,
          co_window_of_opportunity_a, co_window_paths_b,
          co_window_of_opportunity_a, co_window_of_opportunity_a,
          co_window_of_opportunity_b, co_window_of_opportunity_b,
          co_window_cross_2, co_window_broadway_c, uniq_agnes, uniq_louise,
          uniq_kirke
D:15:     hangedman_depths_entry_civil_slaughter, layout_grid_maze
Lair:1:   layout_chaotic_city, lemuel_fruit_fields, uniq_urug
Lair:2:   dragon1_lemuel, layout_layer_cave, uniq_maggie, uniq_amaemon
Lair:3:   layout_layer_cave, serial_bayou_lagoon_b
Lair:4:   nzn_winding_woodlands_three_and_one
          [nzn_winding_woodlands_5x15_jagged,
          nzn_winding_woodlands_5x15_default, nzn_winding_woodlands_5x15_zeroes,
          nzn_winding_woodlands_center_garden], layout_cave_shapes,
          minmay_swamp_entry_worms, spider_nest_entry_web_field
Lair:5:   layout_regular_city, slime_altar_2, nicolae_quartered_pool_medium
Lair:6:   grunt_lair_end_beastmaster, layout_regular_city, lemuel_fruit_tree
Swamp:1:  gammafunk_mikee_crab_dinner, layout_falls_marsh,
          evilmike_swamp_ruin_house_5
Swamp:2:  layout_basic_swamp, evilmike_swamp_ruin_house_2, uniq_donald
Swamp:3:  layout_basic_swamp, evilmike_swamp_ruin_rubble_1
Orc:1:    nicolae_orc_accident_1, layout_caves, basic_altar,
          nicolae_orc_lava_tube, uniq_erolcha
Orc:2:    st_orc_elflike, layout_caves, uniq_josephine, uniq_saint_roka

Skill      XL: |  1  2  3  4  5  6  7  8  9 10 11 12 13 14 15 16 17 |
---------------+----------------------------------------------------+-----
Dodging        | 3 |  3.0
Fighting       | 1 2 3 4 5 7 9 12 14 17 19 20 21 22 23 | 23.0
Transmutations | 2 3 5 |  5.2
Spellcasting   | 2 3 4 5 6 7 8 9 11 | 11.4
Translocations | 1 2 3 4 5 6 8 9 10 11 | 11.9
Maces & Flails | 2 4 6 8 10 12 13 14 15 | 15.0
Invocations    | 3 5 |  5.0
Earth Magic    | 1 |  1.9
Throwing       | |  3.0

Action                   |  1- 3 |  4- 6 |  7- 9 | 10-12 | 13-15 | 16-18 || total
-------------------------+-------+-------+-------+-------+-------+-------++-------
Melee: Dagger            |   123 |   102 |   179 |     8 |       |       ||   412
       Headbutt          |     3 |       |       |       |       |       ||     3
       Kick              |     3 |       |       |    43 |   170 |   102 ||   318
       Short sword       |     2 |    47 |    38 |       |       |       ||    87
       Punch             |       |       |     3 |       |       |       ||     3
       Giant club        |       |       |       |   207 |   492 |    35 ||   734
       Dire flail        |       |       |       |       |       |   240 ||   240
       Unarmed           |       |       |       |       |       |     6 ||     6
 Fire: Hunting sling     |       |       |     3 |       |       |       ||     3
Throw: Dart              |       |       |     4 |       |       |       ||     4
 Cast: Beastly Appendage |     4 |       |       |       |       |       ||     4
       Teleport Other    |       |       |     5 |       |       |       ||     5
       Dispersal         |       |       |       |       |     1 |       ||     1
Invok: Ancestor Life: Ba |       |     1 |       |       |       |       ||     1
       Recall Ancestor   |       |       |       |       |     5 |       ||     5
Evoke: Wand              |       |       |     1 |    13 |       |     3 ||    17
       Condenser vane    |       |       |       |       |     1 |       ||     1
       Phial of floods   |       |       |       |       |       |     1 ||     1
  Use: Scroll            |       |     7 |     4 |    16 |     7 |     6 ||    40
       Potion            |       |       |       |     2 |     2 |     2 ||     6
 Stab: Sleeping          |     1 |       |       |     1 |       |     1 ||     3
       Distracted        |       |       |     2 |     2 |     5 |     5 ||    14
       Paralysed         |       |       |       |       |       |     1 ||     1
Armor: Robe              |    43 |    56 |    65 |    26 |   172 |    94 ||   456
       Steam dragon scal |       |       |    19 |    29 |       |       ||    48
Dodge: Dodged            |    61 |    77 |   139 |   153 |   271 |   150 ||   851

Table legend: (Time is in decaauts)
 A = Elapsed time spent in this place.
 B = Non-inter-level travel time spent in this place.
 C = Inter-level travel time spent in this place.
 D = Time resting spent in this place.
 E = Time spent auto-exploring this place.
 F = Levels seen in this place.
 G = Mean time per level.
                   A        B        C        D        E       F      G
               +--------+--------+--------+--------+--------+-----+--------+
         Total |  37610 |  34991 |   2619 |   3887 |  25569 |  27 | 1393.0 |
       Dungeon |  21501 |  19813 |   1688 |   1638 |  15043 |  15 | 1433.4 |
          Lair |   8163 |   7543 |    620 |    540 |   5947 |   6 | 1360.5 |
         Swamp |   4650 |   4466 |    184 |   1117 |   2702 |   3 | 1550.0 |
  Orcish Mines |   3036 |   2911 |    125 |    592 |   1825 |   2 | 1518.0 |
       Ossuary |    259 |    259 |      0 |      0 |     51 |   1 |  259.0 |
               +--------+--------+--------+--------+--------+-----+--------+

Top non-repeatable levels by time:
    D:14: 2448 daAuts
   Orc:2: 2143 daAuts
 Swamp:1: 2130 daAuts
    D:10: 1925 daAuts
     D:7: 1892 daAuts
    D:13: 1856 daAuts
 Swamp:2: 1793 daAuts
  Lair:6: 1729 daAuts
  Lair:1: 1662 daAuts
     D:6: 1507 daAuts
  Lair:3: 1412 daAuts
     D:4: 1372 daAuts
    D:11: 1365 daAuts
    D:15: 1307 daAuts
     D:1: 1305 daAuts
